General information
- name: BNet
- type: Ladder team game (AT/RT)
- host: Battle.net
- saver: Ihate4v4scrubs.
map: Cherryville
- players: 8
- length: 18:10
- speed: Fast
- version: 1.26 W3XP
- replay type: Public
» download(97 KB)
Players
team 1 (winner)
xavier8 (
orange | 45 APM | 816 actions | 18:10)
» actions
| Assign group hotkey | 4 | |
| Build / train | 13 | |
| Enter build submenu | 6 | |
| Give item / drop item | 2 | |
| Right click | 75 | |
| Select / deselect | 91 | |
| Select group hotkey | 2 | |
| Use ability | 623 | |
816 total
» units
» buildings
| Orc Burrow | 2 | |
| Barracks | 1 | |
| Altar of Storms | 1 | |
| War Mill | 1 | |
5 total
» build order
00:09 Orc Burrow
00:14 Barracks
00:31 Altar of Storms
01:50 Orc Burrow
04:58 War Mill
Ihate4v4scrubs. (
pink | 62 APM | 1120 actions | 18:10)
1 Archmage
1 Summon Water Elemental
» actions
| Assign group hotkey | 28 | |
| Basic commands | 340 | |
| Build / train | 41 | |
| ESC pressed | 1 | |
| Enter build submenu | 16 | |
| Enter hero's abilities submenu | 1 | |
| Give item / drop item | 6 | |
| Right click | 195 | |
| Select / deselect | 273 | |
| Select group hotkey | 180 | |
| Use ability | 39 | |
1120 total
» units
| Peasant | 17 | |
| Footman | 6 | |
| Mortar Team | 11 | |
34 total
» upgrades
» buildings
| Altar of Kings | 1 | |
| Farm | 6 | |
| Barracks | 1 | |
| Keep | 1 | |
| Arcane Vault | 1 | |
| Blacksmith | 1 | |
| Workshop | 2 | |
13 total
» build order
00:05 Altar of Kings
00:08 Farm
00:22 Barracks
00:49 Farm
05:00 Farm
05:04 Farm
05:09 Farm
05:50 Keep
05:56 Arcane Vault
07:04 Blacksmith
08:18 Workshop
08:21 Workshop
08:24 Farm
» items

»
LionheartM (
teal | 28 APM | 322 actions | 11:23)
3 Tauren Chieftain
2 Endurance Aura
1 War Stomp
» actions
| Basic commands | 2 | |
| Build / train | 35 | |
| Enter build submenu | 20 | |
| Enter hero's abilities submenu | 3 | |
| Right click | 124 | |
| Select / deselect | 108 | |
| Use ability | 30 | |
322 total
» units
» upgrades
| Armor | 3 | |
| Melee Weapons | 1 | |
| Shaman Training | 2 | |
| Witch Doctor Training | 1 | |
| Spiked Barricades | 1 | |
8 total
» buildings
| Altar of Storms | 1 | |
| Orc Burrow | 4 | |
| Barracks | 1 | |
| Voodoo Lounge | 1 | |
| Stronghold | 1 | |
| War Mill | 1 | |
| Watch Tower | 6 | |
| Spirit Lodge | 1 | |
| Fortress | 1 | |
| Great Hall | 2 | |
| Tauren Totem | 2 | |
21 total
» build order
00:33 Altar of Storms
00:43 Orc Burrow
01:04 Barracks
02:02 Orc Burrow
03:21 Voodoo Lounge
03:32 Stronghold
03:38 War Mill
05:16 Watch Tower
05:22 Watch Tower
06:13 Spirit Lodge
06:14 Fortress
06:31 Great Hall
07:06 Watch Tower
08:08 Watch Tower
08:15 Orc Burrow
08:28 Watch Tower
09:07 Great Hall
09:34 Tauren Totem
09:41 Tauren Totem
09:55 Watch Tower
10:08 Orc Burrow
» items
| Scroll of Speed | 2 | |
| Healing Salve | 1 | |
| Potion of Healing | 1 | |
4 total
Dblbarrels (
green | 26 APM | 375 actions | 14:25)
1 Archmage
1 Summon Water Elemental
1 Paladin
1 Holy Light
1 Blood Mage
1 Flame Strike
» actions
| Assign group hotkey | 4 | |
| Basic commands | 28 | |
| Build / train | 31 | |
| Enter build submenu | 14 | |
| Enter hero's abilities submenu | 3 | |
| Right click | 93 | |
| Select / deselect | 116 | |
| Select group hotkey | 63 | |
| Use ability | 23 | |
375 total
» units
| Peasant | 8 | |
| Siege Engine | 2 | |
| Mortar Team | 1 | |
11 total
» upgrades
| Gunpowder | 3 | |
| Plating | 2 | |
| Lumber Harvesting | 1 | |
| Flare | 1 | |
| Barrage | 1 | |
| Fragmentation Shards | 1 | |
| Armor | 1 | |
10 total
» buildings
| Altar of Kings | 1 | |
| Scout Tower | 1 | |
| Farm | 6 | |
| Arcane Tower | 1 | |
| Keep | 1 | |
| Blacksmith | 1 | |
| Lumber Mill | 1 | |
| Castle | 1 | |
| Workshop | 2 | |
| Town Hall | 1 | |
| Stronghold | 1 | |
17 total
» build order
00:29 Altar of Kings
00:39 Scout Tower
00:54 Farm
01:11 Arcane Tower
03:33 Keep
03:37 Blacksmith
03:44 Lumber Mill
05:21 Farm
05:58 Castle
06:04 Workshop
06:49 Workshop
08:13 Farm
08:56 Farm
09:35 Farm
10:46 Farm
13:15 Town Hall
14:19 Stronghold
team 2 (loser)
iceman3 (
red | 42 APM | 771 actions | 18:10)
5 Archmage
3 Blizzard
2 Brilliance Aura
» actions
| Assign group hotkey | 7 | |
| Basic commands | 75 | |
| Build / train | 31 | |
| Enter build submenu | 16 | |
| Enter hero's abilities submenu | 5 | |
| Give item / drop item | 1 | |
| Remove unit from queue | 2 | |
| Right click | 339 | |
| Select / deselect | 121 | |
| Select group hotkey | 125 | |
| Use ability | 49 | |
771 total
» units
» upgrades
» buildings
| Altar of Kings | 1 | |
| Farm | 7 | |
| Arcane Vault | 1 | |
| Lumber Mill | 1 | |
| Keep | 1 | |
| Scout Tower | 2 | |
| Guard Tower | 2 | |
| Arcane Sanctum | 2 | |
| Castle | 1 | |
| Blacksmith | 1 | |
19 total
» build order
00:11 Altar of Kings
00:16 Farm
00:42 Arcane Vault
00:54 Farm
01:47 Lumber Mill
02:46 Keep
02:52 Scout Tower
02:58 Scout Tower
03:23 Guard Tower
03:31 Farm
03:41 Farm
04:31 Guard Tower
05:30 Arcane Sanctum
05:34 Arcane Sanctum
08:52 Farm
08:54 Farm
09:59 Farm
14:07 Castle
14:13 Blacksmith
» items
| Lesser Clarity Potion | 2 | |
| Scroll of Regeneration | 1 | |
| Healing Salve | 2 | |
5 total

»
AFK-Breakfast (
purple | 35 APM | 637 actions | 18:10)
6 Far Seer
3 Far Sight
2 Feral Spirit
1 Earth Quake
» actions
| Assign group hotkey | 1 | |
| Basic commands | 80 | |
| Build / train | 48 | |
| Enter build submenu | 16 | |
| Enter hero's abilities submenu | 6 | |
| Give item / drop item | 1 | |
| Remove unit from queue | 1 | |
| Right click | 246 | |
| Select / deselect | 185 | |
| Select group hotkey | 1 | |
| Use ability | 52 | |
637 total
» units
| Peon | 7 | |
| Grunt | 4 | |
| Goblin Shredder | 1 | |
| Kobold | 2 | |
| Assassin | 2 | |
| Murloc Huntsman | 1 | |
| Kobold Geomancer | 5 | |
| Wind Rider | 10 | |
32 total
» upgrades
» buildings
| Orc Burrow | 7 | |
| Barracks | 2 | |
| Altar of Storms | 1 | |
| Voodoo Lounge | 1 | |
| Great Hall | 1 | |
| Stronghold | 1 | |
| War Mill | 1 | |
| Fortress | 1 | |
| Beastiary | 2 | |
17 total
» build order
00:31 Orc Burrow
02:28 Barracks
02:30 Barracks
02:31 Altar of Storms
02:33 Orc Burrow
02:34 Orc Burrow
02:36 Orc Burrow
02:37 Voodoo Lounge
06:06 Great Hall
07:39 Stronghold
08:13 War Mill
08:18 Orc Burrow
10:19 Fortress
10:25 Beastiary
10:27 Beastiary
13:05 Orc Burrow
13:07 Orc Burrow
blademaster_011 (
yellow | 48 APM | 871 actions | 18:10)
4 Blademaster
2 Wind Walk
2 Critical Strike
» actions
| Basic commands | 9 | |
| Build / train | 41 | |
| Enter build submenu | 14 | |
| Enter hero's abilities submenu | 4 | |
| Give item / drop item | 1 | |
| Right click | 625 | |
| Select / deselect | 130 | |
| Use ability | 46 | |
871 total
» units
» upgrades
| Ranged Weapons | 2 | |
| Armor | 3 | |
| Envenomed Spears | 1 | |
6 total
» buildings
| Altar of Storms | 1 | |
| Orc Burrow | 5 | |
| Voodoo Lounge | 1 | |
| War Mill | 1 | |
| Stronghold | 1 | |
| Fortress | 1 | |
| Beastiary | 3 | |
| Great Hall | 1 | |
14 total
» build order
00:08 Altar of Storms
00:11 Orc Burrow
01:11 Orc Burrow
01:27 Voodoo Lounge
02:20 War Mill
03:28 Stronghold
04:47 Orc Burrow
05:46 Orc Burrow
05:50 Fortress
05:56 Beastiary
06:01 Beastiary
06:19 Beastiary
10:54 Great Hall
12:00 Orc Burrow
» items
| Healing Salve | 1 | |
| Lesser Clarity Potion | 2 | |
| Boots of Speed | 1 | |
| Potion of Mana | 1 | |
| Orb of Lightning | 1 | |
6 total

»
Gubullon (
blue | 35 APM | 638 actions | 18:10)
4 Keeper of the Grove
2 Entangling Roots
2 Thorns Aura
3 Demon Hunter
2 Immolation
1 Evasion
3 Priestess of the Moon
2 Trueshot Aura
1 Scout
» actions
| Build / train | 47 | |
| Enter build submenu | 15 | |
| Enter hero's abilities submenu | 10 | |
| Remove unit from queue | 1 | |
| Right click | 348 | |
| Select / deselect | 179 | |
| Use ability | 38 | |
638 total
» units
| Wisp | 16 | |
| Archer | 2 | |
| Huntress | 2 | |
| Chimaera | 4 | |
24 total
» upgrades
| Strength of the Wild | 3 | |
| Reinforced Hides | 3 | |
| Corrosive Breath | 1 | |
7 total
» buildings
| Altar of Elders | 1 | |
| Moon Well | 7 | |
| Ancient of War | 1 | |
| Hunter's Hall | 1 | |
| Tree of Ages | 1 | |
| Ancient of Wonders | 1 | |
| Tree of Eternity | 1 | |
| Ancient of Wind | 1 | |
| Chimaera Roost | 2 | |
| Tree of Life | 1 | |
17 total
» build order
00:08 Altar of Elders
00:11 Moon Well
00:41 Ancient of War
01:37 Moon Well
02:14 Hunter's Hall
02:58 Moon Well
03:41 Tree of Ages
04:00 Ancient of Wonders
05:44 Moon Well
06:08 Tree of Eternity
06:17 Ancient of Wind
07:57 Moon Well
08:48 Chimaera Roost
08:54 Chimaera Roost
11:17 Moon Well
13:43 Tree of Life
15:38 Moon Well
Chat log
(00:24 / Allies) Dblbarrels: units?
(00:52 / Allies) xavier8: units
(01:15 / Allies) Dblbarrels: mort
(01:17 / Allies) xavier8: UNITS people.......................
(01:24 / Allies) Ihate4v4scrubs.: I don't go into a game blindly fool
(01:28 / Allies) Ihate4v4scrubs.: I don't make units blind
(01:29 / Allies) LionheartM: maybe melee
(01:32 / Allies) Ihate4v4scrubs.: I have no idea what they have
(01:34 / Allies) Ihate4v4scrubs.: This is an RTS
(01:39 / Allies) Ihate4v4scrubs.: A reactionary game
(01:49 / Allies) LionheartM: melee
(01:59 / Allies) xavier8: okay I got aa
(02:10 / Allies) Dblbarrels: pink got nerd rage
(02:22 / Allies) xavier8: l;ol
(02:28 / Allies) Dblbarrels: moron
(02:29 / Allies) Ihate4v4scrubs.: i have plaeyd you both before
(02:33 / Allies) Ihate4v4scrubs.: xavier and db
(02:35 / Allies) LionheartM: he on the level
(02:35 / Allies) Ihate4v4scrubs.: you both suck shit
(02:41 / Allies) Dblbarrels: u play with urself
(02:44 / Allies) Ihate4v4scrubs.: shit for brains
(02:45 / Allies) xavier8: and YOU lost
(02:49 / Allies) Ihate4v4scrubs.: I am 0-0 Lol
(02:59 / Allies) Dblbarrels: grow up and get some friends asshole
(03:02 / Allies) Ihate4v4scrubs.: check my replays with you on highperch son
(03:04 / Allies) Ihate4v4scrubs.: i have one with db too
(03:10 / All) xavier8: lol
(03:14 / Allies) Dblbarrels: u an asshole
(03:16 / Allies) Ihate4v4scrubs.: 3 man gangbangs on you
(03:20 / Allies) Ihate4v4scrubs.: arranged stabs
(03:29 / Allies) Dblbarrels: like i said no life
(03:54 / Allies) Dblbarrels: have u even touched a women
(04:08 / Allies) Dblbarrels: or anything alive for that matter
(04:13 / Allies) Ihate4v4scrubs.: you sound pissed
(04:21 / Allies) Ihate4v4scrubs.: no wonder you are 1102-1193 now
(04:25 / Allies) Dblbarrels: nah ur an asshole
(04:39 / Allies) Dblbarrels: yep loser like urself
(04:43 / Allies) LionheartM: peace guys
(04:44 / Allies) Dblbarrels: losers
(04:49 / Allies) xavier8: take expo at least
(04:58 / Allies) Dblbarrels: go kill urself
(05:06 / Allies) Dblbarrels: slit wrists
(05:14 / Allies) Ihate4v4scrubs.: why so angry? it's just a game
(05:17 / Allies) Ihate4v4scrubs.: 1 loss on your record :(
(05:33 / Allies) xavier8: humans are the strongest race on 4v4
(05:37 / Allies) Ihate4v4scrubs.: yeah
(05:37 / Allies) Dblbarrels: not angry at all
(05:45 / Allies) xavier8: maybe he thinks he can pull it offè
(05:47 / Allies) Ihate4v4scrubs.: i play hu because it's op xavier8 the mass gamer
(06:29 / Allies) Dblbarrels: pathetic u have nothing to do except screw around with ppls free time
(06:30 / Allies) xavier8: 95% of my losses are because of allies like you
(06:36 / Allies) Ihate4v4scrubs.: i wouldnt be surprised
(06:53 / All) AFK-Breakfast: LOL
(06:54 / Allies) Ihate4v4scrubs.: tanks
(06:55 / Allies) Ihate4v4scrubs.: sup
(06:58 / All) xavier8: lol
(07:02 / Allies) Dblbarrels: u will get yours in the end
(07:04 / All) AFK-Breakfast: what happened?
(07:06 / All) xavier8: whispering at the enemy
(07:10 / Allies) Ihate4v4scrubs.: I don't care if my base dies
(07:13 / Allies) Ihate4v4scrubs.: I just want use to lose
(07:16 / All) Ihate4v4scrubs.: I backstabbed xavier
(07:19 / All) Ihate4v4scrubs.: and I am stabbing green
(07:20 / All) AFK-Breakfast: why
(07:24 / All) Ihate4v4scrubs.: They are fags, I have played them before
(07:30 / Allies) Ihate4v4scrubs.: we'll see about that faggot
(07:37 / All) AFK-Breakfast: Am I on ur TK list or not?
(07:40 / All) Ihate4v4scrubs.: No
(07:43 / All) xavier8: why are we FAGGOTS KID
(07:43 / All) Ihate4v4scrubs.: No idea who you are
(07:44 / All) AFK-Breakfast: ok :)
(07:51 / Allies) Dblbarrels: i turn off comp and u still a loser
(07:55 / Allies) Ihate4v4scrubs.: i see
(08:13 / All) Ihate4v4scrubs.: he has 3 towers and 3 grunts plus a tc
(08:14 / All) Ihate4v4scrubs.: teching
(08:29 / All) xavier8: and oink has a HUGE VIGINA
(08:31 / Allies) Ihate4v4scrubs.: ty for wood i have lots though sir mas gamer
(08:38 / All) xavier8: which I would like to fuck
(08:44 / Allies) xavier8: np
(08:48 / Allies) Ihate4v4scrubs.: if you hit me green btw, that only gives me more satisfaction
(08:52 / Allies) Ihate4v4scrubs.: since i want us to lose
(08:58 / Allies) Ihate4v4scrubs.: and if i kill you too that is 1 player on our team
(09:13 / Allies) Ihate4v4scrubs.: so go ahead, i wont stop you
(09:39 / Allies) xavier8: so your grief is with green and i
(09:43 / Allies) Ihate4v4scrubs.: i killed his hall already purp
(09:44 / Allies) Ihate4v4scrubs.: yeah
(09:48 / All) Ihate4v4scrubs.: I killed his hall already
(10:06 / Allies) xavier8: why are you such a bitch to teal then
(10:15 / Allies) Ihate4v4scrubs.: just a coincidence here
(10:20 / Allies) Ihate4v4scrubs.: 2 people on my shit list. I need to clean house
(10:31 / Allies) xavier8: what
(10:33 / Allies) Dblbarrels: pink u are a loser
(10:49 / Allies) Ihate4v4scrubs.: i dont get mad over video games
(11:01 / Allies) Dblbarrels: its not the game asshole
(11:01 / Allies) xavier8: pink read your name and look on a mirror
(11:13 / Allies) Dblbarrels: its ppls free time u dumbass
(11:16 / Allies) LionheartM: good time lol
(11:17 / All) AFK-Breakfast: LOL
(11:28 / All) Ihate4v4scrubs.: free win for you guys
(11:31 / All) AFK-Breakfast: Ty
(11:34 / All) AFK-Breakfast: <3
(11:36 / All) Ihate4v4scrubs.: np
(11:37 / All) xavier8: anytime
(12:06 / All) AFK-Breakfast: lol green
(12:09 / Allies) Dblbarrels: proud of ursel dumbass
(12:12 / All) Ihate4v4scrubs.: He tries in vain
(12:20 / All) Ihate4v4scrubs.: I will kill myself. I need not his help
(12:21 / Allies) Dblbarrels: nah ur an idiot
(12:36 / All) Dblbarrels: should run out into traffic
(12:43 / All) Ihate4v4scrubs.: green and orange are pissed
(12:48 / All) AFK-Breakfast: lol
(13:01 / Allies) Dblbarrels: cant be pissed i have a life u dont
(13:02 / Allies) xavier8: if you don't get mad over a video game
(13:12 / Allies) xavier8: then why the NERD RAGE
(13:14 / Allies) xavier8: ?
(13:22 / All) AFK-Breakfast: no green
(13:23 / All) AFK-Breakfast: Dont
(13:24 / All) AFK-Breakfast: Town hall
(14:43 / All) Ihate4v4scrubs.: Johnny Cash song on right now: I shot a man in reno, just to watch him die
(14:46 / All) Ihate4v4scrubs.: Describes this game
(14:55 / All) Gubullon: stfu
(14:56 / All) Ihate4v4scrubs.: Down go orange and teal and green, just to watch them die
(15:03 / All) blademaster_011: lol
(15:53 / All) Ihate4v4scrubs.: ty, finally
(16:33 / All) xavier8: if you get pink as an ALLY
(16:41 / All) xavier8: tking first
(16:44 / All) Ihate4v4scrubs.: I wouldn't stab any of them. They're not familiar
(16:47 / All) Ihate4v4scrubs.: Also I never use 1 username
(16:48 / All) AFK-Breakfast: na hes a cool guy
(16:50 / All) xavier8: ir this will happen
(16:58 / All) Ihate4v4scrubs.: You cannot shit list me because I am the Nameless One
(17:00 / All) Ihate4v4scrubs.: I am on many planes
(17:10 / All) xavier8: point being
(17:12 / All) Ihate4v4scrubs.: I have 4 farms and 2 workshops left
(17:15 / All) Ihate4v4scrubs.: Kill them and take your prize
(17:33 / All) xavier8: any ways kill pink
(17:33 / Allies) Ihate4v4scrubs.: Remember all our fun times in 3 man gangbangs sir/
(17:41 / All) Ihate4v4scrubs.: Please do, I want these fags to get a loss
(17:42 / All) xavier8: before he does
(17:49 / All) Ihate4v4scrubs.: let me kill it with my 0 units
(18:01 / All) xavier8: a loss I didn't loose
(18:04 / Allies) Ihate4v4scrubs.: I lost it for you
(18:08 / All) xavier8: i tried
(18:09 / Allies) Ihate4v4scrubs.: Even more humiliating